 Dungeon Crawl Stone Soup version 0.24-b1-30-g840c9efd86 (webtiles) character file.

Game seed: 16369202949728573437, levelgen mode: deterministic

851 lepoulpe303 the Ruffian (level 7, -10/71 HPs)
             Began as a Troll Hunter on Oct 25, 2019.
             Mangled by a wight
             ... wielding a +5 war axe
              (17 damage)
             ... on level 6 of the Dungeon.
             The game lasted 00:08:15 (3497 turns).

lepoulpe303 the Ruffian (Troll Hunter)              Turns: 3497, Time: 00:08:16

Health: -10/71     AC:  7    Str: 23    XL:     7   Next: 69%
Magic:  6/6        EV: 10    Int:  7    God:
Gold:   182        SH:  0    Dex: 10    Spells: 6/6 levels left

rFire    + . .     SeeInvis .     - Unarmed
rCold    . . .     Gourm    +   (no shield)
rNeg     . . .     Faith    .   b - +0 robe
rPois    .         Spirit   .   (helmet restricted)
rElec    .         Reflect  .   (no cloak)
rCorr    .         Harm     .   (gloves unavailable)
MR       .....                  (boots unavailable)
Stlth    +.........             (no amulet)
HPRegen  0.61/turn              y - +1 ring of protection
MPRegen  0.10/turn              F - ring of protection from fire

@: about to teleport, lightly drained
A: large, unfitting armour, claws 3, fast metabolism 3, gourmand, regeneration
1, shaggy fur 1, tough skin 3
a: no special abilities


You were on level 6 of the Dungeon.
You were completely stuffed.

You visited 1 branch of the dungeon, and saw 6 of its levels.

You collected 182 gold pieces.

Inventory:

Hand Weapons
 a - a +0 short sword
Missiles
 c - 4 large rocks {!d}
 d - 2 throwing nets {=f}
 w - 2 boomerangs (quivered)
 Q - 104 stones
Armour
 b - a +0 robe (worn)
Jewellery
 y - a +1 ring of protection (left claw)
 F - a ring of protection from fire (right claw)
Wands
 n - a wand of acid (8)
Scrolls
 g - 2 scrolls of amnesia {unknown}
 h - a scroll of fear {unknown}
 i - 4 scrolls of identify
 j - 2 scrolls of remove curse {unknown}
 l - a scroll of fog {unknown}
 m - a scroll of random uselessness {unknown}
 p - a scroll of acquirement {unknown}
 q - a scroll of enchant weapon {unknown}
 r - a scroll of enchant armour {unknown}
 s - a scroll of immolation {unknown}
 t - a scroll of teleportation
 u - a scroll of noise {unknown}
 v - a scroll of blinking {unknown}
Potions
 f - a potion of ambrosia {unknown}
 o - a potion of haste {unknown}
 x - a potion of lignification {unknown}
Comestibles
 e - 12 rations
 k - 6 chunks of flesh


   Skills:
 * Level 4.4(4.0) Fighting
 + Level 4.8(4.4) Throwing
 + Level 3.2(2.9) Dodging
 - Level 0.3(0.0) Stealth
 * Level 4.9(4.6) Unarmed Combat


You had 6 spell levels left.
You didn't know any spells.
Your spell library contained the following spells:

 Spells                   Type           Power        Failure   Level  Hunger
 Beastly Appendage        Tmut           #.....       43%         1    ##.....
 Sticks to Snakes         Tmut           #.......     56%         2    ###....
 Spider Form              Tmut/Pois      #.........   80%         3    ####...
 Ice Form                 Ice/Tmut       #.......     99%         4    #####..
 Blade Hands              Tmut           #.........   100%        5    ######.


Dungeon Overview and Level Annotations

Branches:
Dungeon (6/15)
 Temple: D:4-7

Altars:
Fedhas
Kikubaaqudgha
Okawaru

Shops:
D:4 %

Annotations:
D:2 rcorr, exclusion: oklob plant


Innate Abilities, Weirdness & Mutations

You are too large for most types of armour.
You have claws for hands.
Your metabolism is lightning-fast.
You like to eat raw meat.
Your natural rate of healing is unusually fast.
You are covered in fur. (AC +1)
You have extremely tough skin. (AC +3)


Message History

* * * LOW HITPOINT WARNING * * *
The wight freezes you.
* * * LOW HITPOINT WARNING * * *
You take 14 damage, and have 25/71 hp.
You scratch the wight. The bullfrog hits you.
* * * LOW HITPOINT WARNING * * *
The wight hits you from afar with a +2 spear of freezing!
* * * LOW HITPOINT WARNING * * *
The wight freezes you.
* * * LOW HITPOINT WARNING * * *
You take 19 damage, and have 6/71 hp.
MASSIVE DAMAGE!!
As you read the scroll labeled LOYNUR BEACAC, it crumbles to dust.
You feel strangely unstable.
It was a scroll of teleportation.
t - a scroll of teleportation;
m - a scroll labeled TUINIW FAONYAQ The bullfrog releases a deep croak.
The bullfrog hits you but does no damage.
The wight hits you with a +5 war axe!
You die...

# # #.# ###.###
#.§..<#
#####z#.#.###.#
#.@Foz..o?§...#
#z###.#.#.#####
#z# #...... #!#
###o##.# #.#
#)# .# ... § §
.# ..z .. #..#
..# ## ..#


You could see a bullfrog, 4 wights, an orc wizard and an orc.

Levels and vault maps discovered:
D:1:      zaba_arrival_water, layout_basic
D:2:      layout_loops_ring, old_standard_altar, first_ration, tgw_fedhas
D:3:      layout_basic
D:4:      layout_basic, serial_shops, nicolae_shop_waterfront,
          kennysheep_okawaru_gauntlet
D:5:      layout_basic
D:6:      layout_loops_ring, minmay_temple_entry_wispy, minmay_door_square

Notes
Turn   | Place    | Note
-------+----------+-------------------------------------------
     0 | D:1      | lepoulpe303 the Troll Hunter began the quest for the Orb.
     0 | D:1      | Reached XP level 1. HP: 19/19 MP: 0/0
   181 | D:1      | Reached XP level 2. HP: 28/28 MP: 1/1
   198 | D:1      | Identified a cursed +0 club
   227 | D:1      | Reached skill level 1 in Unarmed Combat
   266 | D:1      | Identified a +0 club
   327 | D:1      | Reached skill level 2 in Fighting
   457 | D:1      | Identified a +0 whip
   461 | D:1      | Reached XP level 3. HP: 33/35 MP: 2/2
   677 | D:2      | Identified a +0 spear
   677 | D:2      | Identified a +0 whip
   679 | D:2      | Reached skill level 2 in Dodging
   695 | D:2      | Reached XP level 4. HP: 44/44 MP: 3/3
   771 | D:2      | Reached skill level 2 in Unarmed Combat
   914 | D:2      | Identified a +0 whip
   930 | D:2      | Found an ancient bone altar of Kikubaaqudgha.
  1220 | D:2      | Identified a cursed -2 club
  1349 | D:2      | Identified a +0 club
  1368 | D:2      | Found a blossoming altar of Fedhas.
  1407 | D:2      | Noticed an oklob plant
  1564 | D:3      | Identified a +0 short sword
  1576 | D:3      | Reached skill level 4 in Throwing
  1576 | D:3      | Reached XP level 5. HP: 48/52 MP: 4/4
  1732 | D:3      | Identified a +0 club
  1753 | D:3      | Identified a +0 club
  1753 | D:3      | Identified a +0 ring mail
  1755 | D:3      | Identified a +0 dagger
  1755 | D:3      | Identified a +0 robe
  1755 | D:3      | Identified a +0 short sword
  1760 | D:3      | Reached skill level 3 in Fighting
  1889 | D:3      | Reached skill level 3 in Unarmed Combat
  2031 | D:4      | Identified a +0 giant club
  2031 | D:4      | Noticed an ogre
  2037 | D:4      | Killed an ogre
  2037 | D:4      | Reached XP level 6. HP: 58/61 MP: 5/5
  2079 | D:4      | Identified a +0 war axe
  2079 | D:4      | Identified a +0 leather armour
  2100 | D:4      | Found Vequjy's Food Shop.
  2385 | D:4      | Reached skill level 4 in Unarmed Combat
  2516 | D:4      | Reached XP level 7. HP: 67/68 MP: 6/6
  2636 | D:4      | Identified a +0 spear
  2636 | D:4      | Identified a +0 spear
  2651 | D:4      | Found an iron altar of Okawaru.
  2657 | D:4      | lepoulpe303: !whichgod trfi
  2657 | D:4      | meem: 161 recent wins for trfi: 57x Cheibriados, 34x
                  | Okawaru, 14x The Shining One, 11x Ru, 8x Wu Jian, 6x Jiyva,
                  | 5x Yredelemnul, 4x Makhleb, 4x Uskayaw, 3x Hepliaklqana, 3x
                  | Ashenzari, 2x, 2x Nemelex Xobeh, 2x Qazlal, 2x Zin, Gozag,
                  | Xom, Trog, Elyvilon
  2684 | D:5      | Entered Level 5 of the Dungeon
  2806 | D:5      | Reached skill level 4 in Fighting
  2806 | D:5      | Reached skill level 3 in Dodging
  3187 | D:5      | Identified 7 scrolls of identify
  3187 | D:5      | Identified an amulet of the gourmand (You found it on level
                  | 5 of the Dungeon)
  3189 | D:5      | Identified a ring of protection from fire (You found it on
                  | level 2 of the Dungeon)
  3190 | D:5      | Identified a ring of protection (You found it on level 5 of
                  | the Dungeon)
  3335 | D:5      | Identified a +0 trident
  3335 | D:5      | Identified a +0 chain mail
  3336 | D:5      | Identified a +0 dagger
  3336 | D:5      | Identified a +0 robe
  3358 | D:5      | Identified a +0 flail
  3358 | D:5      | Identified a cursed +0 scale mail
  3471 | D:6      | Identified a +0 whip
  3471 | D:6      | Identified a +0 glaive
  3471 | D:6      | Identified a +0 plate armour
  3473 | D:6      | Identified a +0 club
  3473 | D:6      | Identified a +0 dagger
  3473 | D:6      | Identified a +0 robe
  3479 | D:6      | Identified a +0 falchion
  3479 | D:6      | Identified a +2 leather armour of poison resistance
  3483 | D:6      | Identified a cursed -2 short sword
  3483 | D:6      | Identified a +0 robe
  3486 | D:6      | Identified a +5 war axe
  3486 | D:6      | Identified a +2 robe of fire resistance
  3486 | D:6      | Identified a +4 scimitar
  3486 | D:6      | Identified a +0 robe
  3486 | D:6      | Identified a +2 spear of freezing
  3486 | D:6      | Identified a +0 robe
  3493 | D:6      | Identified a cursed +0 flail
  3493 | D:6      | Identified a +0 robe
  3496 | D:6      | HP: 11/71 [wight/+2 spear of freezing (11)]
  3497 | D:6      | Identified 2 scrolls of teleportation
  3497 | D:6      | Mangled by a wight

Table legend:
 A = Turns spent in this place as a percentage of turns spent in the entire game.
 B = Non-inter-level travel turns spent in this place as a percentage of non-inter-level travel turns spent in the entire game.
 C = Inter-level travel turns spent in this place as a percentage of turns spent in this place.
 D = Turns resting spent in this place as a percentage of non-inter-level travel turns spent in this place.
 E = Turns spent auto-exploring this place as a percentage of non-inter-level travel turns spent in this place.
 F = Non-inter-level travel turns spent in this place divided by the number of levels of this place that you've seen.
                   A       B       C       D       E      F
               +-------+-------+-------+-------+-------+----------------------
         Total | 100.0 | 100.0 |   4.7 |   0.2 |  84.7 | 555.5
       Dungeon | 100.0 | 100.0 |   4.7 |   0.2 |  84.7 | 555.5
               +-------+-------+-------+-------+-------+----------------------

Table legend:
 A = Kills in this place as a percentage of kills in entire the game.
 B = Kills by you in this place as a percentage of kills by you in the entire game.
 C = Kills by friends in this place as a percentage of kills by friends in the entire game.
 D = Other kills in this place as a percentage of other kills in the entire game.
 E = Experience gained in this place as a percentage of experience gained in the entire game.
 F = Experience gained in this place divided by the number of levels of this place that you have seen.
                   A       B       C       D       E      F
               +-------+-------+-------+-------+-------+----------------------
         Total | 100.0 | 100.0 |   N/A |   N/A | 100.0 | 202.7
       Dungeon | 100.0 | 100.0 |   N/A |   N/A | 100.0 | 202.7
               +-------+-------+-------+-------+-------+----------------------

Skill      XL: |  1  2  3  4  5  6  7 |
---------------+----------------------+-----
Unarmed Combat | 1 2 3 4 |  4.9
Fighting       | 2 3 4 |  4.4
Dodging        | 2 3 |  3.2
Throwing       | 4 |  4.8
Stealth        | |  0.3

Action                   |  1- 3 |  4- 6 |  7- 9 || total
-------------------------+-------+-------+-------++-------
Melee: Unarmed           |    33 |    70 |    65 ||   168
       Punch             |       |     1 |     2 ||     3
Throw: Large rock        |    28 |    65 |       ||    93
       Stone             |       |     6 |    58 ||    64
       Boomerang         |       |       |    13 ||    13
  Use: Scroll            |       |       |     4 ||     4
 Stab: Sleeping          |     1 |       |       ||     1
  Eat: Chunk             |    10 |    19 |     9 ||    38
Armor: Robe              |     7 |    25 |    23 ||    55
Dodge: Dodged            |    14 |    26 |    35 ||    75

Vanquished Creatures
  An orc warrior (D:6)
  An ogre (D:4)
  3 scorpions
  3 hounds (D:4)
  A jelly (D:5)
  A bullfrog skeleton (D:4)
  2 orc wizards
  4 worker ants
  A hound skeleton (D:4)
  3 gnolls (D:2)
  7 adders
  A shadow imp (D:5)
  An ooze (D:1)
  An adder skeleton (D:4)
  3 worms
  4 dart slugs
  2 leopard geckos
  8 orcs
  A ball python (D:3)
  6 giant cockroaches
  6 hobgoblins
  2 jackals (D:1)
  2 quokkas
  15 bats
  4 frilled lizards
  9 goblins
  9 kobolds
  A quokka skeleton (D:5)
  7 rats
109 creatures vanquished.
